 Dungeon Crawl Stone Soup version 0.21-a0-525-ga34b322 (webtiles) character file.

4914 Amnesiac the Archer (level 10, 0/77 HPs)
             Began as a Mummy Hunter on Dec 7, 2017.
             Was a Priest of Okawaru.
             Slain by an orc knight
             ... wielding a +0 war axe
              (35 damage)
             ... in a bailey.
             The game lasted 00:15:17 (6599 turns).

Amnesiac the Archer (Mummy Hunter)                  Turns: 6599, Time: 00:15:17

Health: 0/77       AC: 20    Str: 28    XL:     10   Next: 27%
Magic:  11/11      EV: 11    Int: 14    God:    Okawaru [***...]
Gold:   130        SH:  0    Dex: 10    Spells: 9/9 levels left

rFire    + . .     SeeInvis .   b - +7 flail "Ogre's Funeral" {flame, Int+2}
rCold    + . .     Gourm    .   (no shield)
rNeg     + + +     Faith    .   D - +3 chain mail {rF+}
rPois    ∞         Spirit   .   H - +0 helmet
rElec    .         Reflect  .   y - +0 cloak "Tiat" {-Tele MR++ Str+10 Dex-2}
rCorr    .         Harm     .   z - +1 pair of gloves
MR       +++..     NoTele   +   (no boots)
Stlth    ..........             i - amulet of regeneration
HPRegen  0.62/turn              A - +3 ring of protection
MPRegen  0.12/turn              m - ring of protection from fire

@: no status effects
A: no food or potions, fire vulnerability, cold resistance 1, negative energy
resistance 3, torment resistance, unbreathing
a: Heroism, Renounce Religion


You were in a bailey.
You worshipped Okawaru.
Okawaru was most pleased with you.
You were not hungry.

You visited 2 branches of the dungeon, and saw 10 of its levels.
You also visited: Bailey.

You collected 340 gold pieces.
You spent 210 gold pieces at shops.

Inventory:

Hand Weapons
 a - a +1 shortbow
 b - the +7 flail "Ogre's Funeral" (weapon) {flame, Int+2}
   (You found it on level 4 of the Dungeon)

   It has been specially enchanted to burn those struck by it, causing extra
   injury to most foes and up to half again as much damage against particularly
   susceptible opponents.
   It affects your intelligence (+2).
 t - a +0 spear
 x - a +0 blowgun
 B - a +0 hunting sling
Missiles
 d - 118 arrows
 k - a throwing net (quivered)
 q - 68 sling bullets
 r - 100 stones
 u - 42 poisoned needles
Armour
 w - a scarf of spirit shield
 y - the +0 cloak "Tiat" (worn) {-Tele MR++ Str+10 Dex-2}
   (You found it on level 5 of the Dungeon)

   It affects your strength (+10).
   It affects your dexterity (-2).
   It affects your resistance to hostile enchantments.
   It prevents most forms of teleportation.
 z - a +1 pair of gloves (worn)
 D - a +3 chain mail of fire resistance (worn)
 H - a +0 helmet (worn)
Jewellery
 h - an uncursed ring of protection from cold
 i - an amulet of regeneration (around neck)
 l - an uncursed ring of fire
 m - a ring of protection from fire (right hand)
 A - a +3 ring of protection (left hand)
 K - an uncursed ring of magical power
Wands
 c - a wand of flame (85)
 n - a wand of iceblast (12)
 C - a wand of polymorph (14)
 E - a wand of acid (6)
 F - a wand of digging (9)
 I - a wand of random effects (27)
Scrolls
 e - 3 scrolls of enchant armour {!r, unknown}
 f - 4 scrolls of teleportation {!r, unknown}
 g - 5 scrolls of remove curse {!r}
 j - 3 scrolls of fog {!r, unknown}
 o - 6 scrolls of identify {!r}
 p - 2 scrolls of enchant weapon {!r, unknown}
 s - 4 scrolls of random uselessness {!r}
 v - 2 scrolls of amnesia {!r, unknown}
 G - a scroll of immolation {!r, unknown}
 L - a scroll of magic mapping {!r, unknown}
 M - a scroll of torment {!r, unknown}
 N - a scroll of blinking {!r, unknown}
Books
 J - a book of Changes

   Spells                             Type                      Level
   a - Beastly Appendage              Transmutation                1
   b - Sticks to Snakes               Transmutation                2
   c - Spider Form                    Transmutation/Poison         3
   d - Ice Form                       Ice/Transmutation            4
   e - Blade Hands                    Transmutation                5


   Skills:
 + Level 6.8 Fighting
 * Level 8.6 Bows
 + Level 5.6 Armour
 + Level 5.7 Dodging
 - Level 0.7 Stealth
 + Level 2.5 Invocations


You had 9 spell levels left.
You didn't know any spells.

Dungeon Overview and Level Annotations

Branches:
Dungeon (9/15)             Temple (1/1) D:5
   Lair: D:8-11         Orc: D:9-12

Altars:
Ashenzari
Cheibriados
Dithmenos
Elyvilon
Fedhas
Hepliaklqana
Kikubaaqudgha
Makhleb
Okawaru
Qazlal
Ru
Sif Muna
Trog
Uskayaw
Vehumet
Wu Jian
Xom
Yredelemnul
Zin
The Shining One

Shops:
D:4 *%}=   D:5 [!(

Annotations:
D:8 Gastronok, Grum


Innate Abilities, Weirdness & Mutations

You do not eat or drink.
Your flesh is vulnerable to fire.
You are immune to poison.
Your flesh is cold resistant. (rC+)
You are immune to negative energy. (rN+++)
You are immune to unholy pain and torment.
You can survive without breathing.


Message History

Evoke which item? (* to show all) (? for menu, Esc to quit)
Aiming: Polymorph
Press: ? - help, Shift-Dir - straight line, f/p - orc warlord
Aim: an orc warlord, wielding a battleaxe of draining and wearing a chain mail (chance to defeat MR: 15%)
Okay, then.
Evoke which item? (* to show all) (? for menu, Esc to quit)
Aiming: Polymorph
Press: ? - help, Shift-Dir - straight line, f/p - orc warlord
Aim: an orc warlord, wielding a battleaxe of draining and wearing a chain mail (chance to defeat MR: 15%)
The orc warlord resists with almost no effort.
The orc warlord hits you with a battleaxe of draining!
Evoke which item? (* to show all) (? for menu, Esc to quit)
Aiming: Corrosive Bolt
Press: ? - help, Shift-Dir - straight line, f/p - orc warlord
Aim: an orc warlord, wielding a battleaxe of draining and wearing a chain mail The bolt of acid misses the orc warlord.
The orc warlord hits you but does no damage.
There is an open door, spattered with blood here.
Items here: )))))) [[[[[[ Evoke which item? (* to show all) (? for menu, Esc to quit)
Aiming: Corrosive Bolt
Press: ? - help, Shift-Dir - straight line, f/p - orc warlord
Aim: an orc warlord, wielding a battleaxe of draining and wearing a chain mail The bolt of acid hits the orc warlord.
The orc warlord is splashed with acid.
The acid corrodes the orc warlord!
The orc warlord is lightly wounded.
The orc warlord hits you but does no damage.
You barely miss the orc warlord.
The orc warlord is lightly wounded.
The orc warlord hits you with a battleaxe of draining.
You sock the orc warlord! You burn the orc warlord.
The orc warlord is moderately wounded.
The orc warlord hits you with a battleaxe of draining.
You hit the orc warlord. You burn the orc warlord.
The orc warlord is moderately wounded.
The orc warlord hits you but does no damage.
You sock the orc warlord! You burn the orc warlord!
The orc warlord is heavily wounded.
The orc warlord hits you with a battleaxe of draining!
* * * LOW HITPOINT WARNING * * *
You closely miss the orc warlord.
The orc warlord is heavily wounded.
The orc warlord hits you with a battleaxe of draining.
* * * LOW HITPOINT WARNING * * *
You sock the orc warlord! You burn the orc warlord.
The orc warlord is heavily wounded.
The orc warlord is no longer covered in acid.
The orc warlord hits you with a battleaxe of draining.
* * * LOW HITPOINT WARNING * * *
The orc knight roars a battlecry!
The orc warlord goes into a battle-frenzy!
The orc warlord roars a battlecry!
The orc knight goes into a battle-frenzy!
Things that are here:
a hand axe; a leather armour Really read
o - 7 scrolls labeled ZEIRCH VYSO {!r}?
As you read the scroll labeled ZEIRCH VYSO {!r}, it crumbles to dust.
It is a scroll of identify.
s - 4 scrolls of random uselessness {!r}
Okay, then.
The orc knight hits you but does no damage.
There is a fountain of clear blue water here.
The orc knight hits you with a war axe!!
You die...

####### ##.!∩!!##
#.!...!.# ##.......##
#.........#
#.........##
.....⌠.....#######
#o........##.....##
'.........))....@.#
##.......##)...o..##
.#.......#.).....o.#
.##88.88##.).......##
..###'###.....⌠.....#
.## ...###...).....##
.# ....oo#.........#
##g......##.......##
#.o.g.....#.......#


You could see an orc warlord and an orc knight.

Vanquished Creatures
  Pikel (D:4)
  An orc knight (Bailey)
  A queen bee (D:8)
  A hippogriff (D:9)
  Sigmund (D:4)
  9 orc warriors
  Duvessa (D:5)
  A slave (D:4)
  A phantom (D:5)
  A wolf (D:7)
  2 ogres (D:5)
  A centaur (D:5)
  2 big kobolds (D:3)
  A bullfrog (D:6)
  A gnoll sergeant (D:8)
  Dowan (D:5)
  3 wights (D:6)
  14 killer bees (D:8)
  5 electric eels (D:9)
  2 crimson imps
  2 quasits
  A hound (D:9)
  An orc priest (D:5)
  Crazy Yiuf (D:5)
  A bullfrog skeleton (D:9)
  An iguana (D:7)
  Ijyb (D:4)
  3 orc wizards
  5 worker ants
  A hound skeleton (D:5)
  13 gnolls
  8 adders
  An ooze (D:3)
  3 worms
  3 dart slugs
  6 leopard geckos
  28 orcs
  2 ball pythons
  5 bats
  6 giant cockroaches
  28 goblins
  21 hobgoblins
  8 jackals
  3 quokkas
  5 frilled lizards
  12 kobolds (D:3)
  A leopard gecko skeleton (D:5)
  7 rats
227 creatures vanquished.

Vanquished Creatures (others)
  5 plants (D:9)
  5 toadstools (D:1)
10 creatures vanquished.

Grand Total: 237 creatures vanquished

Notes
Turn   | Place    | Note
-------+----------+-------------------------------------------
     0 | D:1      | Amnesiac the Mummy Hunter began the quest for the Orb.
     0 | D:1      | Reached XP level 1. HP: 16/16 MP: 1/1
    42 | D:1      | Reached skill level 1 in Armour
    70 | D:1      | Reached XP level 2. HP: 18/22 MP: 2/2
   688 | D:2      | Found a faded altar of an unknown god.
   707 | D:2      | Reached XP level 3. HP: 19/27 MP: 3/3
  1513 | D:3      | Reached XP level 4. HP: 34/34 MP: 4/4
  1556 | D:3      | Noticed a big kobold
  1579 | D:3      | Killed a big kobold
  1579 | D:3      | Reached skill level 4 in Bows
  1579 | D:3      | Reached XP level 5. HP: 39/39 MP: 5/5
  2189 | D:3      | Found a glowing silver altar of Zin.
  2486 | D:4      | Noticed a slave
  2487 | D:4      | Noticed a slave
  2488 | D:4      | Noticed Pikel
  2546 | D:4      | Reached XP level 6. HP: 47/47 MP: 6/6
  2577 | D:4      | Found Xizeloiw's Jewellery Shoppe.
  2604 | D:4      | Bought a +3 ring of protection for 210 gold pieces
  2615 | D:4      | Noticed Sigmund
  2629 | D:4      | Killed Sigmund
  2637 | D:4      | Found Iruqeas's Gadget Shoppe.
  2688 | D:4      | Killed a slave
  2708 | D:4      | Got a slimy flail
  2803 | D:4      | Found Oplane's Food Boutique.
  2894 | D:4      | Identified the +7 flail "Ogre's Funeral" {flame, Int+2} (You found it on level 4 of the Dungeon)
  2898 | D:4      | Reached skill level 5 in Bows
  2898 | D:4      | Reached XP level 7. HP: 52/52 MP: 5/7
  2948 | D:4      | Killed Pikel
  2986 | D:4      | Reached XP level 8. HP: 56/61 MP: 8/8
  2992 | D:4      | Found Sepigoan's General Store.
  3031 | D:4      | Noticed Ijyb
  3051 | D:4      | Killed Ijyb
  3243 | D:5      | Entered Level 5 of the Dungeon
  3273 | D:5      | Got a steaming cloak
  3304 | D:5      | Reached skill level 6 in Bows
  3519 | D:5      | Found a glowing golden altar of the Shining One.
  3596 | D:5      | Found a staircase to the Ecumenical Temple.
  3637 | D:5      | Found Usoixaul's Distillery.
  3645 | D:5      | Noticed Duvessa
  3646 | D:5      | Noticed Dowan
  3670 | Temple   | Entered the Ecumenical Temple
  3888 | Temple   | Became a worshipper of Warmaster Okawaru
  3912 | D:5      | Killed Duvessa
  3915 | D:5      | Killed Dowan
  3964 | D:5      | Found Jishoi's Antique Armour Shop.
  4044 | D:5      | Found a runed door.
  4091 | D:5      | Reached skill level 5 in Fighting
  4187 | D:5      | Found Keredem's Antique Weapon Boutique.
  4437 | D:5      | Noticed Crazy Yiuf
  4443 | D:5      | Killed Crazy Yiuf
  4539 | D:6      | Identified the cursed +0 cloak "Tiat" {-Tele MR++ Str+10 Dex-2} (You found it on level 5 of the Dungeon)
  4588 | D:6      | Reached * piety under Okawaru
  4823 | D:6      | You fall through a shaft for 3 floors!
  4980 | D:9      | Reached skill level 7 in Bows
  5009 | D:9      | Reached XP level 9. HP: 68/68 MP: 9/9
  5047 | D:9      | Noticed a two-headed ogre
  5128 | D:9      | HP: 3/68 [electric eel/bolt of electricity (6)]
  5559 | D:7      | Reached ** piety under Okawaru
  5713 | D:8      | Noticed Grum
  5772 | D:8      | Reached skill level 5 in Dodging
  5843 | D:8      | Reached skill level 5 in Armour
  5910 | D:8      | Reached skill level 1 in Invocations
  5922 | D:8      | Noticed Gastronok
  5924 | D:8      | Reached skill level 8 in Bows
  5966 | D:8      | Noticed a queen bee
  5967 | D:8      | Found a flagged portal.
  5979 | D:8      | Killed a queen bee
  6001 | Bailey   | Entered a bailey
  6131 | Bailey   | Reached *** piety under Okawaru
  6131 | Bailey   | Reached XP level 10. HP: 59/77 MP: 11/11
  6408 | Bailey   | Noticed an orc knight
  6408 | Bailey   | Noticed an orc warlord
  6408 | Bailey   | Noticed an orc knight
  6459 | Bailey   | Killed an orc knight
  6599 | Bailey   | Slain by an orc knight

Vault maps used:
D:1:      ldierk_walled_garden
D:2:      chequers_ecumenical_altar_island
D:3:      cheibrodos_thug_alley, lemuel_coloured_pillars_altar, fountainhead
D:4:      serial_shops, shop, shop_fountains, nicolae_shop_window_shopping,
          nicolae_shop_stone, uniq_ijyb, uniq_pikel, uniq_sigmund
D:5:      tso_oasis_becter, minmay_temple_entry_trees, first_bread,
          serial_shops, shop, nicolae_shop_stone, kennysheep_mini_moat,
          uniq_crazy_yiuf_cottage, uniq_duvessa
D:6:      basic_altar
D:7:      grunt_temple_overflow_opulence
D:8:      serial_shops, shop, enter_bailey_2, david_nohive_1, okawaru_humans,
          uniq_gastronok, uniq_erica, uniq_joseph, uniq_grum
D:9:      serial_bayou, serial_bayou_pond_e, serial_bayou_lake_a,
          serial_bayou_shore_a, serial_bayou_pond_a
Temple:   hc_temple_tempest_star
Bailey:   bailey_axe_minmay_hex_keep, bailey

Skill      XL: |  1  2  3  4  5  6  7  8  9 10 |
---------------+-------------------------------+-----
Armour         | 1 2 3 4 5 |  5.6
Dodging        | 2 3 4 5 |  5.7
Bows           | 4 5 7 8 |  8.6
Fighting       | 3 4 5 6 |  6.8
Invocations    | 1 2 |  2.5
Stealth        | |  0.7

Action                   |  1- 3 |  4- 6 |  7- 9 | 10-12 || total
-------------------------+-------+-------+-------+-------++-------
Melee: Spear             |    93 |       |       |       ||    93
       Flail             |       |     4 |   380 |   101 ||   485
 Fire: Shortbow          |    29 |    16 |    28 |       ||    73
       Hunting sling     |    18 |   250 |       |       ||   268
Throw: Throwing net      |       |       |     1 |       ||     1
Evoke: Wand              |       |     2 |       |    12 ||    14
  Use: Scroll            |       |       |     2 |     1 ||     3
Armor: Leather armour    |    11 |       |       |       ||    11
       Ring mail         |    31 |    64 |    16 |       ||   111
       Chain mail        |       |       |   351 |    92 ||   443
Dodge: Dodged            |    81 |   123 |   321 |    78 ||   603

Table legend:
 A = Spawn XP
 B = Non-spawn XP
 C = Spawn XP percentage of total XP
 D = Spawn monster count
 E = Non-spawn monster count
 F = Spawn count percentage of total count
 G = Total turns spent on level
                    A         B        C        D         E        F      G
               +---------+---------+-------+---------+---------+-------+---------
         Total |       0 |    7020 |   0.0 |       0 |     226 |   0.0 |  6599
               +---------+---------+-------+---------+---------+-------+---------
           D:1 |       0 |      36 |   0.0 |       0 |      18 |   0.0 |   766
           D:2 |       0 |      52 |   0.0 |       0 |      14 |   0.0 |   674
           D:3 |       0 |     283 |   0.0 |       0 |      39 |   0.0 |  1070
           D:4 |       0 |    1148 |   0.0 |       0 |      24 |   0.0 |   733
           D:5 |       0 |     841 |   0.0 |       0 |      18 |   0.0 |  1052
           D:6 |       0 |     308 |   0.0 |       0 |       7 |   0.0 |   297
           D:7 |       0 |     249 |   0.0 |       0 |       4 |   0.0 |   263
           D:8 |       0 |    1419 |   0.0 |       0 |      26 |   0.0 |   267
           D:9 |       0 |     828 |   0.0 |       0 |      14 |   0.0 |   646
        Bailey |       0 |    1856 |   0.0 |       0 |      62 |   0.0 |   598
               +---------+---------+-------+---------+---------+-------+---------
